[Event "Late-Titled-Tuesday-Blitz-April-02-2024"]
[Site "Chess.com"]
[Date "2024.04.02"]
[Round "5"]
[White "JERO-8914"]
[Black "karinachess1"]
[Result "0-1"]
[WhiteElo "2446"]
[BlackElo "2614"]
[TimeControl "180+1"]
[EndTime "14:53:20 PDT"]
[Termination "karinachess1 won on time"]

1. e4 e5 2. Nf3 Nc6 3. c4 Nf6 4.
Nc3 h6 5. d4 exd4 6. Nxd4 Bb4 7.
f3 O-O 8. Be3 d5 9. cxd5 Nxd4 10.
Qxd4 Ba5 11. O-O-O Qe7 12. Qc5 Qxc5 13. Bxc5 Re8 14.
Bb5 Bd7 15. Bxd7 Nxd7 16. Bf2 Ne5 17. Bg3 a6 18. Ne2 Nc4 19. Rd3 Rac8 20. b3 Ne5 21. Bxe5 Rxe5 22. Kb2 f5 23. Ng3 g6 24. Rc1 Rce8 25. d6 cxd6 26. Rxd6 Kg7 27. Rd7+ R8e7 28. Rcd1 fxe4 29. Nxe4 Re6 30. Rxe7+ Rxe7 0-1

[Event "Late-Titled-Tuesday-Blitz-April-02-2024"]
[Site "Chess.com"]
[Date "2024.04.02"]
[Round "5"]
[White "GoValya"]
[Black "azikom"]
[Result "0-1"]
[WhiteElo "2231"]
[BlackElo "2650"]
[TimeControl "180+1"]
[EndTime "14:53:20 PDT"]
[Termination "azikom won by checkmate"]

1. d4 d5 2. Nf3 Nf6 3. Bg5 e6 4. c4 h6 5. Bh4 Bb4+ 6. Nc3 dxc4 7. e3 b5 8. a4 c6 9. Be2 Bb7 10. O-O a6 11. e4 Be7 12. Bxf6 Bxf6 13. e5 Be7 14. Ne4 Nd7 15. a5 O-O 16. h3 c5 17. Ng3 cxd4 18. Qxd4 Nc5 19. Qg4 Nd3 20. Rad1 Bxf3 21. Bxf3 Ra7 22. Nh5 g6 23. Qg3 Rd7 24. Be4 Kh7 25. f4 Rd4 26. Qe3 Bc5 27. Kh2 Nxb2 28.
Nf6+ Kg7 29. Rxd4 Qxd4 30. Qg3 Qe3 31. Nh5+ Kh7 32. Nf6+ Kg7 33. Nh5+ Kg8 34. Rf3 Qg1# 0-1

[Event "Late-Titled-Tuesday-Blitz-April-02-2024"]
[Site "Chess.com"]
[Date "2024.04.02"]
[Round "5"]
[White "Lady_Nika"]
[Black "smotherhubbard"]
[Result "0-1"]
[WhiteElo "2539"]
[BlackElo "2383"]
[TimeControl "180+1"]
[EndTime "14:53:23 PDT"]
[Termination "smotherhubbard won by resignation"]

1. c4 Nf6 2. Nc3 e6 3. a3 c5 4. d3 b6 5. e4 Bb7 6. g3 d5 7. exd5 exd5 8. Bg2 Qe7+ 9. Nge2 dxc4 10. Bxb7 Qxb7 11. O-O cxd3 12. Qxd3 Be7 13. b4 O-O 14.
bxc5 Bxc5 15. Bb2 Nc6 16. Ne4 Nxe4 17. Qxe4 Rfe8 18. Qf3 Na5 19. Qg4 f5 20. Qh5 g6 21.
Qg5 Rxe2 22. Qf6 Rxb2 23. Qxb2 Re8 24. Rab1 Nc4 25. Qb5 Qf7 26. Rbe1 Rxe1 27. Rxe1 Nxa3 28. Qc6 Nc2 29. Re8+ Kg7 30. Rc8 Nd4 31. Qa8 Qb3 32. Qxa7+ Kh6 33. Qa1 Qf3 34. Qc1+ Kh5 35. Rc7 Ne2+ 0-1

[Event "Late-Titled-Tuesday-Blitz-April-02-2024"]
[Site "Chess.com"]
[Date "2024.04.02"]
[Round "5"]
[White "NitaLucian"]
[Black "Itay121"]
[Result "0-1"]
[WhiteElo "2347"]
[BlackElo "2552"]
[TimeControl "180+1"]
[EndTime "14:53:23 PDT"]
[Termination "Itay121 won by resignation"]

1. e4 Nf6 2. d3 d5 3. Nd2 e5 4. Ngf3 Nc6 5. Be2 h6 6. O-O Bc5 7. c3 O-O 8. b4 Bd6 9. a3 Bg4 10.
Bb2 Bxf3 11. Bxf3 dxe4 12. Nxe4 Nxe4 13. dxe4 Qf6 14. Qe2 a6 15. Rad1 Rfd8 16. Bc1 Bf8 17. Be3 Ne7 18. Bg4 Ng6 19. g3 Rxd1 20. Rxd1 Rd8 21.
Bf5 Rd6 22. Bc8 b5 23. Rxd6 Qxd6 24. Qd2 Qc6 25. f3 Ne7 26. Bd7 Qc4 27. Kf2 Nc6 28. Bc8 a5 29. Bb7 axb4 30. axb4 Bd6 31. Qd5 Qxd5 32.
exd5 Ne7 33. Bd2 Kf8 34. Ba6 Nxd5 35. Bxb5 Ke7 36. Bc4 Nb6 37. Bb3 c5 38. bxc5 Bxc5+ 39. Ke2 f6 40. h3 Kd6 41. g4 Bg1 42. Be3 Bxe3 43. Kxe3 Nd7 44. Ke4 Nc5+ 45. Kf5 Nxb3 46. Kg6 Nd2 47. Kxg7 Nxf3 48. Kxh6 e4 49. h4 Nxh4 50.
g5 fxg5 0-1

[Event "Late-Titled-Tuesday-Blitz-April-02-2024"]
[Site "Chess.com"]
[Date "2024.04.02"]
[Round "5"]
[White "NovakRatko"]
[Black "RebelJohnny"]
[Result "0-1"]
[WhiteElo "2437"]
[BlackElo "2610"]
[TimeControl "180+1"]
[EndTime "14:53:24 PDT"]
[Termination "RebelJohnny won on time"]

1. d4 d5 2. c4 dxc4 3. e4 Nf6 4.
e5 Nd5 5. Bxc4 Nb6 6. Bb3 Nc6 7. Ne2 Bf5 8. O-O e6 9. a4 a5 10. Nbc3 Nb4 11. Be3 Be7 12. Ng3 Bg6 13. f4 N6d5 14.
Bd2 Qd7 15. f5 exf5 16. Nxd5 Nxd5 17. Qf3 Nb4 18. Bc3 O-O 19. Rae1 Rad8 20. e6 Qc6 21.
Nxf5 Bxf5 22. Qxf5 fxe6 23. Qxe6+ Qxe6 24. Rxe6 Rxf1+ 25. Kxf1 Kf8 26. Ke2 Bf6 27. Ke3 Nd5+ 28. Ke4 c6 0-1

[Event "Late-Titled-Tuesday-Blitz-April-02-2024"]
[Site "Chess.com"]
[Date "2024.04.02"]
[Round "5"]
[White "maracayo"]
[Black "HipsterChess22"]
[Result "1/2-1/2"]
[WhiteElo "2395"]
[BlackElo "2200"]
[TimeControl "180+1"]
[EndTime "14:53:24 PDT"]
[Termination "Game drawn by repetition"]

1. e4 c6 2. Nf3 d5 3. d3 dxe4 4.
dxe4 Qxd1+ 5. Kxd1 Bg4 6. Bd3 e5 7. Ke2 Nd7 8. Be3 Bc5 9. Nd2 Ne7 10. h3 Bxf3+ 11. Nxf3 f6 12. Rhd1 O-O-O 13. a4 Bxe3 14. Kxe3 Nc5 15. b4 Nxd3 16. cxd3 Ng6 17. g3 Rd7 18. Ra3 Rhd8 19. Rc1 Kb8 20. b5 cxb5 21. axb5 Nf8 22. b6 axb6 23. Rb1 Ne6 24. Rxb6 Nd4 25.
Nxd4 Rxd4 26. f4 exf4+ 27. gxf4 R8d6 28. Rxd6 Rxd6 29. e5 fxe5 30. fxe5 Rh6 31. Ke4 Rxh3 32. e6 Kc7 33. Rc3+ Kd6 34. Rb3 Kxe6 35. Rb6+ Kf7 36. Rxb7+ Kf6 37. Rb6+ Kf7 38. Rb7+ Kf6 39. Rb6+ Kf7 40. Rb7+ 1/2-1/2

[Event "Late-Titled-Tuesday-Blitz-April-02-2024"]
[Site "Chess.com"]
[Date "2024.04.02"]
[Round "5"]
[White "rikchessmx"]
[Black "merinasian"]
[Result "1-0"]
[WhiteElo "2249"]
[BlackElo "2475"]
[TimeControl "180+1"]
[EndTime "14:53:25 PDT"]
[Termination "rikchessmx won on time"]

1. e4 d6 2. d4 g6 3. Nc3 Bg7 4. f3 e6 5. Be3 Ne7 6. Qd2 a6 7. h4 h6 8. O-O-O b5 9. Kb1 Bb7 10. Nh3 Nd7 11. Nf4 Nb6 12. b3 b4 13. Nce2 a5 14.
g4 Qb8 15. Nc1 Qa7 16. Bb5+ c6 17. Be2 Ba6 18. Nfd3 Bb5 19. f4 a4 20. Qxb4 axb3 21. cxb3 Nec8 22. f5 gxf5 23. gxf5 Bf8 24. d5 exd5 25.
exd5 Bxd3+ 26. Bxd3 c5 27. Qe4+ Kd8 28. f6 Rg8 29.
Rhe1 Kc7 30. Bb5 Rg3 31. Qf4 Rg2 32. Bxc5 Rxa2 33. Re7+ 1-0

[Event "Late-Titled-Tuesday-Blitz-April-02-2024"]
[Site "Chess.com"]
[Date "2024.04.02"]
[Round "5"]
[White "RealPerangel"]
[Black "Iball95"]
[Result "0-1"]
[WhiteElo "2556"]
[BlackElo "2922"]
[TimeControl "180+1"]
[EndTime "14:53:26 PDT"]
[Termination "Iball95 won by resignation"]

1. e4 c5 2. g3 e6 3. Bg2 d5 4. exd5 exd5 5. d4 cxd4 6. Ne2 Nc6 7. O-O Nf6 8. Nxd4 Bg4 9. Qd3 Be7 10. h3 Bd7 11. Nc3 O-O 12. Bf4 Rc8 13. Nf5 Bxf5 14. Qxf5 d4 15. Nd5 Nxd5 16. Bxd5 g6 17. Qe4 Bf6 18.
Bb3 Qd7 19. Kg2 Na5 20. Rad1 Nxb3 21. cxb3 Rfd8 22. Rd2 h5 23. Rfd1 Rc5 24. Qf3 Rf5 25.
h4 a6 26. Qe4 Re8 27. Qf3 Be5 28. Kg1 Bxf4 29. Rxd4 Re1+ 30. Rxe1 Qxd4 31. Re4 Bxg3 32. Rxd4 Rxf3 33. fxg3 Rxg3+ 34. Kf2 Rg4 35. Rd7 Rxh4 36.
Rxb7 Rh2+ 37. Kg3 Rxb2 38. a4 Kg7 39. a5 g5 40. Rb6 f6 41. Kf3 Kg6 42. Rb8 h4 43. Ke4 h3 44. Kd4 h2 45. Rh8 Rxb3 46.
Rxh2 Ra3 0-1

[Event "Late-Titled-Tuesday-Blitz-April-02-2024"]
[Site "Chess.com"]
[Date "2024.04.02"]
[Round "5"]
[White "Szachulec75"]
[Black "Felix-Rose"]
[Result "1-0"]
[WhiteElo "2058"]
[BlackElo "2319"]
[TimeControl "180+1"]
[EndTime "14:53:26 PDT"]
[Termination "Szachulec75 won on time"]

1. Nf3 Nf6 2. g3 c5 3. Bg2 Nc6 4. d3 d5 5. O-O e5 6. Bg5 Be6 7. Nfd2 h6 8. Bxf6 Qxf6 9. Nc3 Rd8 10. e4 Ne7 11. exd5 Nxd5 12. Re1 Be7 13. Nxd5 Bxd5 14. Bxd5 Rxd5 15. Ne4 Qe6 16. Qf3 O-O 17. Re2 Rfd8 18. Rae1 Qb6 19. b3 Rd4 20. Nd2 Bf6 21. Nc4 Qa6 22. a4 b5 23. axb5 Qxb5 24. Nxe5 a5 25.
Ng4 Bg5 26. h4 Bf6 27. Nxf6+ gxf6 28. Qxf6 R4d6 29. Re8+ Rxe8 30. Rxe8+ Qxe8 31. Qxd6 Qe2 32. Qxc5 a4 33. bxa4 Kh7 34. d4 Qe1+ 35. Kg2 Qe4+ 36. Kh2 Qf3 37. d5 f5 38. d6 f4 39. Qf5+ Kh8 40. Qxf4 Qc3 41. d7 Qc7 42. Qf8+ Kh7 43. Qe7+ Kg6 44. d8=Q Qxc2 45. Qg8+ Kh5 46. Qe5+ 1-0

[Event "Late-Titled-Tuesday-Blitz-April-02-2024"]
[Site "Chess.com"]
[Date "2024.04.02"]
[Round "5"]
[White "jinxy2009"]
[Black "maurovargas01"]
[Result "1-0"]
[WhiteElo "2298"]
[BlackElo "1876"]
[TimeControl "180+1"]
[EndTime "14:53:27 PDT"]
[Termination "jinxy2009 won by checkmate"]

1. e4 c6 2. d4 d5 3. e5 Bf5 4.
Nd2 e6 5. Nb3 Nd7 6. Nf3 b6 7. Be2 c5 8. O-O c4 9. Nbd2 b5 10. c3 Ne7 11. b3 Nc6 12. a4 a6 13. Ne1 Be7 14. f4 O-O 15. g4 Be4 16. Nxe4 dxe4 17. bxc4 bxa4 18. Be3 f5 19. d5 exd5 20.
cxd5 Na5 21. d6 Bh4 22. gxf5 Nb3 23. Rxa4 Nbc5 24. Bxc5 Nxc5 25. Qd5+ Kh8 26. Qxc5 Rxf5 27.
Ng2 Rc8 28. Qe3 h6 29. Bg4 Qd7 30. Bxf5 Qxf5 31. Nxh4 Qg4+ 32. Ng2 Rb8 33. Rxe4 Rb2 34. Qg3 Qf5 35. Ree1 Qc2 36. e6 a5 37. e7 Qb3 38.
e8=Q+ Kh7 39. Qgg6# 1-0

[Event "Late-Titled-Tuesday-Blitz-April-02-2024"]
[Site "Chess.com"]
[Date "2024.04.02"]
[Round "5"]
[White "vladislavkovalev"]
[Black "Koksal06"]
[Result "1-0"]
[WhiteElo "2881"]
[BlackElo "2646"]
[TimeControl "180+1"]
[EndTime "14:53:31 PDT"]
[Termination "vladislavkovalev won by resignation"]

1. e4 e5 2. Nf3 Nf6 3. Nxe5 d6 4. Nf3 Nxe4 5. Bd3 Nf6 6. O-O Be7 7. c3 O-O 8. Bc2 Bg4 9. d4 Nbd7 10. Nbd2 Re8 11.
Re1 Bf8 12. Rxe8 Qxe8 13. Nf1 Bh5 14. Ng3 Bg6 15. Nf5 Bxf5 16. Bxf5 g6 17. Bd3 Qe6 18. Qb3 Qxb3 19. axb3 a6 20. b4 Nb6 21. Bd2 Bg7 22.
Kf1 Kf8 23. h3 Ke7 24. g4 h5 25. g5 Nfd7 26. Nh4 Nf8 27. f4 f5 28. gxf6+ Kxf6 29. Kf2 Nd5 30. Rg1 Ne7 31. f5 Nxf5 32.
Nxf5 gxf5 33. Bg5+ Kf7 34. Bxf5 Ne6 35. Be3 Bf6 36.
Bg6+ Ke7 37. Bxh5 Rh8 38. Bg4 Bg5 39. Bxg5+ Nxg5 40. Kg3 d5 41. Re1+ Ne4+ 42. Kg2 Rg8 43. Re2 Kd6 44. Kh2 Rf8 45. Kg2 Rg8 46. Re3 Rg7 47. Rf3 Rg6 48. Rf7 Nf6 49. Kf3 Nxg4 50.
hxg4 Rh6 51. Kg3 Re6 52. Rf2 Re3+ 53. Kh4 Re4 54. Kh5 Re1 55. g5 Rh1+ 56. Kg6 Ke6 57.
Re2+ Kd6 58. Kf7 Rf1+ 59. Kg7 b6 60. g6 Rg1 61. Kf7 Rf1+ 62. Kg8 a5 63. bxa5 bxa5 64.
g7 Rg1 65. Rh2 Kc6 66. Kh7 1-0

[Event "Late-Titled-Tuesday-Blitz-April-02-2024"]
[Site "Chess.com"]
[Date "2024.04.02"]
[Round "5"]
[White "whiteglovethief"]
[Black "ZachHKL"]
[Result "0-1"]
[WhiteElo "2502"]
[BlackElo "2265"]
[TimeControl "180+1"]
[EndTime "14:53:31 PDT"]
[Termination "ZachHKL won on time"]

1. d4 d5 2. c4 c6 3. e3 Nf6 4. Nf3 e6 5. Nbd2 Nbd7 6. Bd3 Bd6 7. O-O O-O 8. e4 dxe4 9. Nxe4 Nxe4 10. Bxe4 c5 11. Bg5 Be7 12. Be3 cxd4 13. Nxd4 Nf6 14. Bf3 a6 15. Qc2 Qc7 16. Rac1 Rd8 17. c5 Nd5 18. a3 Bf6 19. b4 Nxb4 20. Nxe6 Bxe6 21.
axb4 Be5 22. g3 g6 23. Rfe1 h5 24. Qe2 Bg7 25. c6 bxc6 26. Rxc6 Qd7 27. Bg5 Re8 28. Rd1 Bd5 29. Qxe8+ Rxe8 30. Bxd5 Qg4 31. Bxf7+ Kxf7 32. Rc7+ Kg8 33. Rdd7 Re1+ 34. Kg2 Qe4+ 35.
Kh3 Qf5+ 36. Kg2 Bf8 37. Bf4 Qe4+ 38. Kh3 g5 39. Be3 Rg1 0-1

[Event "Late-Titled-Tuesday-Blitz-April-02-2024"]
[Site "Chess.com"]
[Date "2024.04.02"]
[Round "5"]
[White "sergoy"]
[Black "SpeedofLight0"]
[Result "0-1"]
[WhiteElo "2907"]
[BlackElo "3063"]
[TimeControl "180+1"]
[EndTime "14:53:32 PDT"]
[Termination "SpeedofLight0 won by checkmate"]

1. d4 d6 2. e4 g6 3. Nc3 Bg7 4.
f4 a6 5. Nf3 b5 6. Bd3 Bb7 7.
Qe2 Nd7 8. O-O e6 9. f5 Ne7 10. fxe6 fxe6 11. Ng5 Bxd4+ 12. Kh1 Nc5 13. Nf7 Qd7 14.
Nxh8 Bxh8 15. Bg5 Ng8 16. Rf2 h6 17. e5 Qh7 18. Bf6 Nxf6 19. exf6 Qf7 20. Ne4 Bxe4 21. Bxe4 O-O-O 22. b4 Na4 23. Raf1 d5 24. Bd3 Kb7 25.
Qg4 g5 26. Qd4 Re8 27. Re2 Nb6 28. a4 Nxa4 29. c3 Nb6 30. Ra2 e5 31. Qf2 e4 32.
Be2 d4 33. Bg4 d3 34. Ra5 Rd8 35. Rfa1 Qxf6 36. Qg3 Qf4 37. Qh3 d2 38. Rxa6 d1=Q+ 39. Bxd1 Qf1# 0-1

[Event "Late-Titled-Tuesday-Blitz-April-02-2024"]
[Site "Chess.com"]
[Date "2024.04.02"]
[Round "5"]
[White "Bykov_Egor"]
[Black "cthulhuuu"]
[Result "0-1"]
[WhiteElo "2603"]
[BlackElo "2466"]
[TimeControl "180+1"]
[EndTime "14:53:33 PDT"]
[Termination "cthulhuuu won by checkmate"]

1. e4 d6 2. d4 Nf6 3. Nc3 c6 4. Nf3 Bg4 5. Be2 e6 6. h3 Bh5 7. Bg5 Be7 8. Qd2 d5 9. exd5 cxd5 10. Ne5 Bxe2 11. Qxe2 Nc6 12. Nxc6 bxc6 13. O-O O-O 14.
Na4 Ne4 15. Bxe7 Qxe7 16. Rfd1 Rab8 17. b3 Qf6 18. f3 Ng3 19. Qd3 Rb5 20. Rd2 Nf5 21.
Re1 Qh4 22. Rc1 Qg5 23. Nc5 Nxd4 24. Qxd4 Rxc5 25. f4 Qe7 26. Qb4 Re8 27. c4 a5 28. Qa3 Rxc4 29. Qb2 Qc5+ 30. Kh2 Rxc1 31. a3 Qg1+ 32. Kg3 Qe3+ 33. Kg4 f5+ 34. Kg5 Qg3+ 35. Kh5 g6+ 36. Kh6 Qxf4# 0-1

[Event "Late-Titled-Tuesday-Blitz-April-02-2024"]
[Site "Chess.com"]
[Date "2024.04.02"]
[Round "5"]
[White "slidingknight2775"]
[Black "Laico"]
[Result "1-0"]
[WhiteElo "2594"]
[BlackElo "2398"]
[TimeControl "180+1"]
[EndTime "14:53:33 PDT"]
[Termination "slidingknight2775 won on time"]

1. e4 e6 2. c4 d5 3. exd5 exd5 4. d4 Nf6 5. Nc3 Bb4 6. Nf3 O-O 7. h3 Re8+ 8. Be3 dxc4 9. Bxc4 Nd5 10. Qb3 Bxc3+ 11. bxc3 c6 12. O-O b5 13. Bd3 Nxe3 14. fxe3 Rxe3 15.
Ng5 Be6 16. Bxh7+ Kh8 17. Nxe6 Rxe6 18. Rxf7 Qe8 19. Bf5 Qxf7 20. Bxe6 Qe7 21. Rf1 Na6 22. Bg4 Rf8 23. Rxf8+ Qxf8 24. Qe6 Qf4 25. Qc8+ Kh7 26.
Qxa6 Qc1+ 27. Kf2 Qf4+ 28. Bf3 Qd2+ 29. Kg3 Qg5+ 30. Kf2 Qd2+ 31. Be2 Qf4+ 32. Ke1 Qc1+ 33. Bd1 Qe3+ 34. Kf1 Qd3+ 35. Be2 Qf5+ 36. Ke1 Qb1+ 37. Kf2 Qf5+ 38. Ke3 1-0

[Event "Late-Titled-Tuesday-Blitz-April-02-2024"]
[Site "Chess.com"]
[Date "2024.04.02"]
[Round "5"]
[White "Flaccidmoves"]
[Black "Fh2411"]
[Result "0-1"]
[WhiteElo "2407"]
[BlackElo "2574"]
[TimeControl "180+1"]
[EndTime "14:53:34 PDT"]
[Termination "Fh2411 won by resignation"]

1. d4 d5 2. c4 c6 3. cxd5 cxd5 4. Bg5 Nc6 5. Nc3 Nf6 6. Bxf6 gxf6 7. e3 e6 8. g3 a6 9. Bg2 b5 10. Nge2 Bd6 11.
Rc1 Bb7 12. Nf4 Bxf4 13. gxf4 f5 14. Qh5 Qf6 15. Bf3 Qg6 16. Ke2 Qxh5 17. Bxh5 Rg8 18. Rhg1 Ke7 19. Rg3 Kf6 20. Rcg1 Rxg3 21. hxg3 Ne7 22.
Rh1 Kg7 23. Kd2 Nc8 24. Bxf7 Kxf7 25. Rxh7+ Kf6 26. Rxb7 Nd6 27. Rb6 Nc4+ 28. Ke2 Nxb6 29. b3 Rc8 30. Kd3 b4 31. Ne2 a5 32. Kd2 a4 33.
Nc1 Ra8 34. Nd3 axb3 35. axb3 Ra2+ 36. Ke1 Ra3 37. Nxb4 Rxb3 38. Nc6 Nc4 39. Ke2 Rb2+ 40. Kf3 Nd2+ 41. Ke2 Ne4+ 42. Ke1 Rxf2 43. Ne5 Rg2 44.
Nd7+ Ke7 45. Ne5 Rxg3 46. Ke2 Rg2+ 47. Ke1 Kd6 48. Nf7+ Kc6 49. Ne5+ Kb5 50. Kf1 Rg3 51. Ke2 Kb4 52. Nd3+ Kc3 53. Ne1 Rh3 54. Nf3 Rxf3 55. Kxf3 Kd3 0-1

[Event "Late-Titled-Tuesday-Blitz-April-02-2024"]
[Site "Chess.com"]
[Date "2024.04.02"]
[Round "5"]
[White "chess_sharparchitect"]
[Black "ChessBrainiacOnTwitch"]
[Result "0-1"]
[WhiteElo "2281"]
[BlackElo "2816"]
[TimeControl "180+1"]
[EndTime "14:53:34 PDT"]
[Termination "ChessBrainiacOnTwitch won on time"]

1. c4 e5 2. Nc3 Nf6 3. Nf3 Nc6 4.
g3 Bb4 5. Nd5 a5 6. Bg2 O-O 7. O-O Re8 8. a3 Bf8 9. d4 exd4 10.
Nxd4 Ne5 11. Bg5 Be7 12. Nf5 Nxd5 13. Bxd5 Bxg5 14. f4 d6 15. fxg5 Qxg5 16. e4 Bxf5 17. Rxf5 Qe3+ 18. Kg2 c6 19. Bxf7+ Nxf7 20. Rf4 Rxe4 21.
Qg4 Rxf4 22. gxf4 Qe4+ 23. Kh3 Rf8 24. Rg1 g6 25. b4 axb4 26. axb4 Nh6 27. Qd7 Qf5+ 28.
Qxf5 Nxf5 29. Ra1 Rf7 30. Ra7 Re7 31. Kg4 Kf7 32. b5 cxb5 33. cxb5 d5 34. Ra8 d4 35.
Rd8 Ke6 36. h4 Rd7 37. Re8+ Kf7 38. Rh8 h5+ 39. Kg5 Kg7 40. Rb8 d3 41. b6 d2 42.
Rxb7 Rf7 43. Re7 Nxe7 0-1

[Event "Late-Titled-Tuesday-Blitz-April-02-2024"]
[Site "Chess.com"]
[Date "2024.04.02"]
[Round "5"]
[White "Cuchulin"]
[Black "KorolDimitriy75"]
[Result "1-0"]
[WhiteElo "2120"]
[BlackElo "2351"]
[TimeControl "180+1"]
[EndTime "14:53:34 PDT"]
[Termination "Cuchulin won on time"]

1. d4 Nf6 2. Bf4 c5 3. e3 Qb6 4. Nc3 Qxb2 5. Nb5 Nd5 6. dxc5 e5 7. Bg3 Bxc5 8. Nf3 Bb4+ 9. Nd2 a6 10. Rb1 Qxa2 11.
Rxb4 axb5 12. Rxb5 O-O 13. Qb1 Qxb1+ 14. Rxb1 Nc3 15.
Rc1 Nc6 16. Bd3 d5 17. e4 dxe4 18. Nxe4 Nxe4 19. Bxe4 f6 20. O-O Nd4 21. Rfe1 Rb8 22. c3 Nc6 23. f4 Bg4 24. fxe5 Nxe5 25. Bxe5 fxe5 26. Bd5+ Kh8 27. Rxe5 Rfd8 28. c4 b6 29. Re7 Bh5 30. Ra1 b5 31. Raa7 bxc4 32. Bxc4 Rbc8 33. Rxg7 Bg6 34. Be2 Rc2 35. Rge7 1-0

[Event "Late-Titled-Tuesday-Blitz-April-02-2024"]
[Site "Chess.com"]
[Date "2024.04.02"]
[Round "5"]
[White "DrKerfuffle"]
[Black "Truequitos"]
[Result "1-0"]
[WhiteElo "2787"]
[BlackElo "2565"]
[TimeControl "180+1"]
[EndTime "14:53:36 PDT"]
[Termination "DrKerfuffle won on time"]

1. e4 e6 2. d4 d5 3. exd5 exd5 4. c4 Nf6 5. Nc3 Bb4 6. Nf3 O-O 7. Bd3 dxc4 8. Bxc4 Bg4 9. O-O Nbd7 10. h3 Bh5 11. g4 Bg6 12. Bg5 c6 13. Bb3 Bd6 14.
Re1 Qa5 15. Bh4 Rfe8 16. Qd2 Qc7 17. d5 Ne4 18. Nxe4 Bxe4 19. Ng5 Bh2+ 20. Kf1 cxd5 21. Nxe4 dxe4 22. Qd5 Nb6 23. Qf5 e3 24. Rxe3 Rxe3 25.
fxe3 Qc6 26. Kf2 Rf8 27. Rd1 g6 28. Qf3 Qxf3+ 29. Kxf3 Be5 30. Rd2 Kg7 31. Be7 Re8 32. Ba3 Bf6 33. e4 h6 34. Bc5 Nc8 35. Rd7 Ne7 36. Rxb7 g5 37. Rxa7 Bxb2 38. Ba4 1-0

[Event "Late-Titled-Tuesday-Blitz-April-02-2024"]
[Site "Chess.com"]
[Date "2024.04.02"]
[Round "5"]
[White "ellennilssen"]
[Black "katharinareinecke"]
[Result "1/2-1/2"]
[WhiteElo "2297"]
[BlackElo "2010"]
[TimeControl "180+1"]
[EndTime "14:53:37 PDT"]
[Termination "Game drawn by repetition"]

1. Nf3 d5 2. b3 Nf6 3. Bb2 g6 4. e3 Bg7 5. Be2 O-O 6. O-O e6 7. c4 b6 8. Nc3 Bb7 9. cxd5 Nxd5 10. Rc1 c5 11. d4 cxd4 12. Nxd4 Nxc3 13. Bxc3 Nd7 14. Nb5 Nc5 15. Nd6 Bd5 16. Bxg7 Kxg7 17. Nc4 Qe7 18. b4 Ne4 19. f3 Nf6 20. e4 Bb7 21.
Qb3 Rfd8 22. Rfd1 Rxd1+ 23. Rxd1 Rd8 24. a3 Nh5 25. Qe3 h6 26. g4 Nf6 27. h4 Rxd1+ 28.
Bxd1 Nd7 29. Qd4+ Kh7 30. Kg2 h5 31. g5 e5 32. Qd6 Qe8 33. Bb3 Ba6 34. Ne3 Qc8 35. Nd5 Qc1 36. Qxd7 Qf1+ 37. Kh2 Qf2+ 38. Kh1 Qxf3+ 39. Kh2 Qf2+ 40. Kh1 Qf3+ 41. Kh2 Qf2+ 42. Kh1 Qf3+ 1/2-1/2

[Event "Late-Titled-Tuesday-Blitz-April-02-2024"]
[Site "Chess.com"]
[Date "2024.04.02"]
[Round "5"]
[White "PetrolulSah"]
[Black "Walter_White_Poland"]
[Result "0-1"]
[WhiteElo "2225"]
[BlackElo "2433"]
[TimeControl "180+1"]
[EndTime "14:53:39 PDT"]
[Termination "Walter_White_Poland won on time"]

1. d4 g6 2. c4 Bg7 3. e4 d6 4. Nc3 Nd7 5. Be2 b6 6. Be3 Bb7 7. Qd2 h6 8. O-O-O e6 9. f4 Ne7 10. Nf3 f5 11. e5 O-O 12. h3 Qe8 13. g4 fxg4 14. hxg4 dxe5 15. dxe5 Bxf3 16. Bxf3 Nxe5 17. fxe5 Rxf3 18. Bxh6 Bxe5 19. Qe2 Rxc3+ 20. bxc3 Bxc3 21. Qxe6+ Qf7 22. Qxf7+ Kxf7 23. Rd7 Ke6 24. Rxc7 Ng8 25. Bd2 Be5 26. Re1 Kd6 27. Rh7 Nf6 28. Rh6 Rc8 29.
Rxg6 Rxc4+ 30. Kb1 Kd5 31. Rg5 Ne4 32. Bf4 Nc3+ 33.
Ka1 Rxf4 34. Rgxe5+ Kc4 35. Kb2 Rf2+ 36. Kc1 Nxa2+ 37.
Kd1 Nc3+ 38. Kc1 Kb3 39. Rb5+ Nxb5 0-1

[Event "Late-Titled-Tuesday-Blitz-April-02-2024"]
[Site "Chess.com"]
[Date "2024.04.02"]
[Round "5"]
[White "nabukatnezarr"]
[Black "Happy1712Drummer"]
[Result "1-0"]
[WhiteElo "2623"]
[BlackElo "2454"]
[TimeControl "180+1"]
[EndTime "14:53:40 PDT"]
[Termination "nabukatnezarr won on time"]

1. e3 g6 2. d4 Bg7 3. Nf3 c5 4. c3 cxd4 5. exd4 Nf6 6. Bc4 O-O 7. O-O d5 8. Bd3 Bf5 9. Bxf5 gxf5 10. Bf4 e6 11.
Ne5 Nc6 12. Nd2 Ne7 13. Ndf3 Ng6 14. Bg5 Qc7 15. Bxf6 Bxf6 16. Re1 Kh8 17. Qd2 Rg8 18. Qh6 Rg7 19. Kh1 Rag8 20. g3 Qe7 21. Qd2 a6 22. a4 Nf8 23. a5 Nd7 24. Ra3 Bxe5 25. Nxe5 Nf6 26. f3 Nh5 27. Rb3 Qf6 28. Rxb7 Rxg3 29. Nxf7+ Qxf7 30. Rxf7 Rh3 31. Rg1 f4 32. Rxg8+ Kxg8 33. Rxf4 Ng3+ 34. Kg2 Rxh2+ 35. Kxh2 Nf1+ 36. Kh3 Nxd2 37. Rf6 Nc4 38. Rxe6 Nxa5 39. Rxa6 Nc4 40. b4 Kf7 41. b5 1-0

[Event "Late-Titled-Tuesday-Blitz-April-02-2024"]
[Site "Chess.com"]
[Date "2024.04.02"]
[Round "5"]
[White "yaguigor"]
[Black "DinaBelenkaya"]
[Result "1/2-1/2"]
[WhiteElo "2615"]
[BlackElo "2460"]
[TimeControl "180+1"]
[EndTime "14:53:40 PDT"]
[Termination "Game drawn by repetition"]

1. Nf3 d5 2. d4 Nf6 3. c4 dxc4 4. e3 e6 5. Bxc4 a6 6. O-O b5 7. Bd3 Bb7 8. Qe2 Nbd7 9. e4 c5 10. e5 Nd5 11. Nc3 Qb8 12. Re1 cxd4 13. Nxd5 Bxd5 14.
Nxd4 Bc5 15. Nf3 Qb7 16. Ng5 Bxg2 17. Qh5 O-O-O 18. Nxf7 Rdf8 19. Be3 g6 20. Qg4 Rxf7 21.
Qxg2 Qxg2+ 22. Kxg2 Bxe3 23. Rxe3 Rhf8 24. Rc1+ Kb8 25.
Rc2 Rf4 26. Kg3 h5 27. h3 h4+ 28. Kg2 g5 29. f3 Nb6 30. Be4 Nc4 31. Ree2 Nxe5 32. Rc5 Nxf3 33. Rc6 Nd4 34. Rb6+ Kc8 35. Re1 Rf2+ 36. Kg1 Rxb2 37. Rc1+ Kd7 38. Rd1 e5 39. Rg6 Rf4 40. Bd5 Rff2 41. Be4 Rxa2 42. Rxg5 Rfd2 43. Rxd2 Rxd2 44. Rxe5 Ne2+ 45. Kf2 Ng3+ 46. Ke3 Nxe4 47. Rxe4 Ra2 48. Rxh4 Kc6 49. Kd3 Kc5 50. Kc3 Ra3+ 51.
Kb2 Rg3 52. Rh6 a5 53. Rh5+ Kc4 54. Rh4+ Kd3 55. Rh5 Kc4 56. Rh4+ Kc5 57. Rh5+ Kc6 58. Rh6+ Kd5 59. Rh5+ Kc4 1/2-1/2

[Event "Late-Titled-Tuesday-Blitz-April-02-2024"]
[Site "Chess.com"]
[Date "2024.04.02"]
[Round "5"]
[White "Bala-Afiada"]
[Black "javierfreilemartin"]
[Result "0-1"]
[WhiteElo "1966"]
[BlackElo "2301"]
[TimeControl "180+1"]
[EndTime "14:53:43 PDT"]
[Termination "javierfreilemartin won by resignation"]

1. d4 Nf6 2. c4 g6 3. Nc3 Bg7 4. e4 d6 5. Nf3 O-O 6. Be2 e5 7. Be3 exd4 8. Nxd4 Re8 9. f3 c6 10. O-O d5 11. cxd5 Nxd5 12. Bf2 Nf4 13. Bc4 Nd7 14. Nde2 Nxe2+ 15. Qxe2 Ne5 16. Bb3 a5 17. Rad1 Qe7 18. Na4 b5 19. Nb6 Rb8 20. Nxc8 Rbxc8 21. a3 a4 22. Ba2 h5 23. Rc1 h4 24. Bc5 Qf6 25. f4 Nc4 26. Bxc4 bxc4 27. e5 Qe6 28. Qxc4 Qg4 29. Bd6 h3 30. g3 Re6 31. Rf2 Rd8 32. Qe2 Qxe2 33. Rxe2 Rdxd6 34. exd6 Rxe2 35. d7 Rd2 36. Rxc6 Rxd7 37. Rc4 Rd2 38. Rxa4 Rxb2 39. Ra8+ Kh7 40.
a4 f5 41. a5 Bd4+ 42. Kf1 Rxh2 43. a6 Ra2 44. Ke1 h2 45. Ra7+ Bxa7 0-1

[Event "Late-Titled-Tuesday-Blitz-April-02-2024"]
[Site "Chess.com"]
[Date "2024.04.02"]
[Round "5"]
[White "xasid81"]
[Black "alexrustemov"]
[Result "1-0"]
[WhiteElo "2644"]
[BlackElo "2864"]
[TimeControl "180+1"]
[EndTime "14:53:44 PDT"]
[Termination "xasid81 won by resignation"]

1. e4 e6 2. d4 d5 3. Nc3 dxe4 4.
Nxe4 Bd7 5. Nf3 Bc6 6. Bd3 Nd7 7. Qe2 Ngf6 8. c3 Nxe4 9. Bxe4 Bxe4 10. Qxe4 c6 11. Bg5 Qa5 12. O-O Bd6 13. Rfe1 O-O 14. Qh4 Qf5 15. Be7 Bxe7 16. Qxe7 Rad8 17. Ne5 Rfe8 18.
Qa3 Nxe5 19. Rxe5 Qc2 20. Rae1 a6 21. h4 h6 22. Qb4 Rd7 23. h5 Red8 24. a4 Qd2 25.
R1e3 b5 26. axb5 axb5 27. Qc5 Qxb2 28. Qxc6 b4 29. d5 Rxd5 30. Rxd5 Qb1+ 31. Kh2 Rxd5 32. Qe8+ Kh7 33. Qxf7 b3 34. Rxe6 Rg5 35. Re8 Rxh5+ 36. Qxh5 Qc2 37. Qf7 b2 38. Qg8+ Kg6 39. Re6+ Kf5 40.
Qh7+ Kxe6 41. Qxc2 Kf6 42. Qxb2 g5 43. g4 h5 44. Qb5 h4 45. Kh3 Kg6 46. Qf5+ Kh6 47. c4 1-0